 Dungeon Crawl Stone Soup version 0.17-a0-737-gf0a300a (webtiles) character file.

81 Ngotmuk the Covered (level 4, -6/42 HPs)
             Began as a Deep Dwarf Fighter on Apr 26, 2015.
             Mangled by an iguana (10 damage)
             ... on level 4 of the Dungeon.
             The game lasted 00:02:10 (1082 turns).

Ngotmuk the Covered (Deep Dwarf Fighter)            Turns: 1082, Time: 00:02:10

Health: -6/42      AC:  7    Str: 21    XL:     4   Next: 19%
Magic:  4/4        EV:  7    Int:  8    God:
Gold:   38         SH:  9    Dex: 12    Spells: 0 memorised, 3 levels left

rFire  . . .     SeeInvis .     a - +0 war axe
rCold  . . .     Clarity  .     b - +0 scale mail
rNeg   . . .     SustAb   .     c - +0 shield
rPois  .         Gourm    .     (no helmet)
rElec  .         Spirit   .     (no cloak)
rCorr  .         Warding  .     (no gloves)
rMut   .         Stasis   .     (no boots)
MR     .....                    (no amulet)
Stlth  ..........               (no ring)
                                h - ring of wizardry

@: non-regenerating, not resistant to hostile enchantments, extremely unstealthy
A: damage resistance, recharge devices, sense surroundings 1, slow healing 3
a: Device Recharging


You were on level 4 of the Dungeon.
You were full.

You visited 1 branch of the dungeon, and saw 3 of its levels.

You collected 38 gold pieces.

Inventory:

Hand weapons
 a - a +0 war axe (weapon)
Armour
 b - a +0 scale mail (worn)
 c - a +0 shield (worn)
Jewellery
 h - a ring of wizardry (left hand)
Magical devices
 e - a wand of heal wounds (5)
 p - a wand of polymorph (9)
Scrolls
 j - 2 scrolls of identify {unknown}
 k - 3 scrolls of enchant weapon {unknown}
 l - 3 scrolls of fog {unknown}
 n - a scroll of teleportation {unknown}
Potions
 d - 2 potions of might
 g - 2 potions of agility {unknown}
 i - 2 potions of curing {unknown}
 o - a potion of poison {unknown}
Comestibles
 f - 2 bread rations
 m - a meat ration


   Skills:
 + Level 3.2 Fighting
 + Level 3.1 Axes
 + Level 4.0 Armour
 + Level 4.0 Shields


You had 3 spell levels left.
You didn't know any spells.

Dungeon Overview and Level Annotations

Branches:
Dungeon (4/15)
 Temple: D:4-7

Altars:
Dithmenos
Trog


Innate Abilities, Weirdness & Mutations

You are resistant to damage.
You can recharge devices by infusing magical energy.
You passively map a small area around you.
You do not heal naturally.


Message History

The iguana is almost dead.
You block the iguana's attack.
Your shield and scale mail prevent you from hitting the iguana.
The iguana is almost dead.
You block the iguana's attack. The iguana bites you.
You hit the iguana but do no damage.
The iguana is almost dead.
The iguana bites you but does no damage.
Your shield and scale mail prevent you from hitting the iguana.
The iguana is almost dead.
The iguana bites you.
* * * LOW HITPOINT WARNING * * *
The iguana bites you but does no damage.
You closely miss the iguana.
The iguana is almost dead.
You block the iguana's attack.
You barely miss the iguana.
The iguana is almost dead.
The iguana bites you!
You die...

* , *.., * *#. ##.. *
######..#####.
#............. ,
##.##.......... ,
##...##l.....(..# *
##.....##@......##
###.......#†..<.....*
**
#....._...........#.
, #.......#.......#*
##.....##.......# ,
##...##.........
##.## #######.
#.....# , ,.......#


You could see an iguana.

Vanquished Creatures
  Jessica (D:2)
  Terence (D:2)
  A giant gecko (D:1)
  A ball python (D:2)
  4 giant cockroaches
  2 hobgoblins (D:1)
  3 kobolds
  3 bats
  4 giant newts (D:1)
  6 goblins
  3 rats
29 creatures vanquished.

Notes
Turn   | Place    | Note
--------------------------------------------------------------
     0 | D:1      | Ngotmuk, the Deep Dwarf Fighter, began the quest for the Orb.
     0 | D:1      | Reached XP level 1. HP: 20/20 MP: 1/1
   278 | D:1      | Reached XP level 2. HP: 21/27 MP: 2/2
   561 | D:2      | Noticed Jessica
   568 | D:2      | Killed Jessica
   568 | D:2      | Reached XP level 3. HP: 20/34 MP: 3/3
   641 | D:2      | Noticed Terence
   652 | D:2      | Killed Terence
   652 | D:2      | Reached skill level 4 in Armour
   652 | D:2      | Reached XP level 4. HP: 13/42 MP: 4/4
   856 | D:2      | Found a shadowy altar of Dithmenos.
  1065 | D:2      | You fall through a shaft for 2 floors!
  1065 | D:4      | Found a bloodstained altar of Trog.
  1082 | D:4      | Mangled by an iguana

Action                   |  1- 3 |  4- 6 || total
-------------------------+-------+-------++-------
Melee: War axe           |    84 |    21 ||   105
  Eat: Meat ration       |       |     1 ||     1
